 Dungeon Crawl Stone Soup version 0.29.1-12-g30fa7ad0bf (webtiles) character file.

Game seed: 13164720696994614121

41 Descartes the Chucker (level 3, -1/27 HPs)
             Began as a Spriggan Wanderer on Jan 4, 2023.
             Slain by Blork the orc
             ... wielding a +4 flail of protection
              (8 damage)
             ... on level 3 of the Dungeon.
             The game lasted 00:03:36 (1678 turns).

Descartes the Chucker (Spriggan Wanderer)           Turns: 1678, Time: 00:03:37

Health: -1/27      AC: 21    Str:  8    XL:     3   Next: 32%
Magic:  7/7        EV:  4    Int: 13    God:
Gold:   54         SH:  0    Dex: 16    Spells: 5/6 levels left

rFire   . . .      SeeInvis +   a - +2 dagger
rCold   . . .      Faith    .   (no shield)
rNeg    . . .      Spirit   .   (body armour currently unavailable)
rPois   +          Reflect  .   (helmet currently unavailable)
rElec   .          Harm     .   (cloak currently unavailable)
rCorr   .          Rampage  .   (gloves unavailable)
Will    .....      NoTele   +   (boots unavailable)
Stlth   +++.......              (no amulet)
HPRegen 0.09/turn               (no ring)
MPRegen 0.10/turn               (no ring)

@: tree-form
A: stationary, stasis, torment immunity, boosted hp, very small, no large
weapons, unfitting armour, see invisible, (speed 3)
a: no special abilities


You were on level 3 of the Dungeon.
You were a tree.
You visited 1 branch of the dungeon, and saw 4 of its levels.

You collected 54 gold pieces.

Inventory:

Hand Weapons
 a - a +2 dagger (weapon)
Missiles
 b - 2 curare-tipped darts (quivered)
 f - 8 boomerangs
 k - 2 throwing nets
 l - 16 stones
Armour
 c - a +0 cloak (melded)
 e - a +0 robe (melded)
Scrolls
 i - a scroll of fog {unknown}
 n - a scroll of identify {unknown}
 o - a scroll of noise {unknown}
Potions
 d - 3 potions of heal wounds
 g - a potion of haste {unknown}
 h - a potion of might {unknown}
 j - a potion of lignification
 m - 2 potions of curing


   Skills:
 - Level 1.0 Fighting
 + Level 1.2 Short Blades
 - Level 4.0 Throwing
 + Level 1.5 Dodging
 + Level 3.8 Stealth
 + Level 2.1 Spellcasting
 + Level 3.5 Translocations


You had 5 spell levels left.
You knew the following spells:

 Your Spells              Type           Power      Damage    Failure   Level
a - Apportation           Tloc           20%        N/A       6%          1

Your spell library contained the following spells:

 Spells                   Type           Power      Damage    Failure   Level
 Gell's Gravitas          Tloc           10%        N/A       17%         3


Dungeon Overview and Level Annotations

Branches:
Dungeon (4/15)
 Temple: D:4-7

Altars:

Annotations:
D:3 Blork the orc


Innate Abilities, Weirdness & Mutations

You are a tree.
Your roots penetrate the ground, keeping you stationary.
You cannot be teleported.
You are immune to unholy pain and torment.
Your maximum health is greatly increased.
Your equipment is partially melded.
You are very small and have problems with some larger weapons.
You are too small for most types of armour.
You have supernaturally acute eyesight. (SInv)
((You cover ground extremely quickly. (Speed+++)))


Message History

Blork the orc is lightly wounded.
Blork the orc grins evilly.
Blork the orc hits you with a +4 flail of protection.
It was a potion of lignification.
You turn into a tree.
Your +0 cloak melds into your body.
Your +0 robe melds into your body.
Your roots penetrate the ground.
Blork the orc screams, "I'll break your legs!"
Blork the orc hits you with a +4 flail of protection.
Blork the orc hits you but does no damage.
You hit Blork the orc but do no damage.
Blork the orc is lightly wounded.
Blork the orc hits you but does no damage.
You hit Blork the orc but do no damage.
Blork the orc is lightly wounded.
Blork the orc hits you but does no damage.
The quokka bites you but does no damage.
You hit Blork the orc but do no damage.
Blork the orc is lightly wounded.
Blork the orc miscasts a cantrip.
The quokka bites you but does no damage.
Blork the orc barely misses you.
You hit the quokka.
The quokka is almost dead.
Blork the orc hits you with a +4 flail of protection.
The quokka bites you but does no damage.
You hit the quokka.
You kill the quokka!
Blork the orc hits you but does no damage. x2
You closely miss Blork the orc.
Blork the orc is lightly wounded.
Blork the orc points at you and mumbles some strange words.
The puff of flame hits you!
* * * LOW HITPOINT WARNING * * *
You closely miss Blork the orc.
Blork the orc is lightly wounded.
Blork the orc casts a cantrip, but nothing happens.
You barely miss Blork the orc.
Blork the orc is lightly wounded.
Blork the orc hits you with a +4 flail of protection!
You die...

............#
.............#
.............#
##...........#
.............#
.............#
.........>.#
...^....o#####
.....<.♣.....#
.............#
.............#
.............#
.............#
.........#####
.........#
.........#


You could see Blork the orc (fast).

Vanquished Creatures
  2 dart slugs (D:1)
  4 endoplasms (D:1)
  A giant cockroach (D:4)
  4 goblins (D:1)
  7 hobgoblins
  4 quokkas
  4 ball pythons (D:1)
  2 bats
  A kobold (D:1)
  4 rats
33 creatures vanquished.

Notes
Turn   | Place    | Note
-------+----------+-------------------------------------------
     0 | D:1      | Descartes the Spriggan Wanderer began the quest for the
                  | Orb.
     0 | D:1      | Descartes set off with the following items: a +2 dagger, 2
                  | curare-tipped darts, a +0 cloak, a potion of heal wounds, a
                  | +0 robe; and the following spell memorised: Apportation;
                  | and the following spells available to memorise: Gell's
                  | Gravitas.
     0 | D:1      | Reached XP level 1. HP: 10/10 MP: 3/3
   294 | D:1      | Reached XP level 2. HP: 14/14 MP: 5/5
   312 | D:1      | Reached skill level 1 in Dodging
   907 | D:1      | Reached skill level 1 in Short Blades
  1192 | D:1      | Reached XP level 3. HP: 18/18 MP: 7/7
  1414 | D:2      | You fall into a shaft and drop 2 floors!
  1653 | D:4      | Noticed Blork the orc
  1678 | D:3      | Slain by Blork the orc

Illustrated notes

Levels and vault maps discovered:
D:1:      evilmike_arrival_home_sweet_home, layout_basic
D:2:      layout_basic, serial_glass, glass_columns_b, glass_columns_b,
          kennysheep_boxes, uniq_jessica
D:3:      kennysheep_big_flooded_room, layout_basic,
          grunt_temple_overflow_lords_of_destruction, portal_sewer_entry_d
D:4:      layout_gridville, uniq_blork_the_orc, uniq_ijyb

Skill      XL: |  1  2 |
---------------+-------+-----
Dodging        | 1 |  1.5
Short Blades   | 1 |  1.2
Spellcasting   | 2 |  2.1
Fighting       | |  1.0
Throwing       | |  4.0
Stealth        | |  3.8
Translocations | |  3.5

Action                   || total
-------------------------++-------
Melee: Dagger            ||    96
       Punch             ||     2
  Use: Potion            ||     2
 Stab: Sleeping          ||     6
       Distracted        ||     1
Armor: Robe              ||    10
       Skin              ||     8
Dodge: Dodged            ||    47
